 Dungeon Crawl Stone Soup version 0.21.1-1-g345015f (webtiles) character file.

291 inmateoo the Skirmisher (level 6, -1/36 HPs)
             Began as a Vine Stalker Artificer on June 3, 2018.
             Killed from afar by an orc wizard (7 damage)
             ... with a puff of frost
             ... on level 4 of the Dungeon.
             The game lasted 00:04:08 (3230 turns).

inmateoo the Skirmisher (Vine Stalker Artificer)    Turns: 3230, Time: 00:04:08

Health: -1/36      AC:  6    Str: 14    XL:     6   Next: 32%
Magic:  0/9        EV:  9    Int: 11    God:
Gold:   154        SH:  0    Dex: 17    Spells: 5/5 levels left

rFire    . . .     SeeInvis .   b - +3 dagger
rCold    . . .     Gourm    .   (no shield)
rNeg     . . .     Faith    .   j - +0 scale mail
rPois    .         Spirit   +   (no helmet)
rElec    .         Reflect  .   (no cloak)
rCorr    .         Harm     .   (no gloves)
MR       .....                  (no boots)
Stlth    +.........             (no amulet)
HPRegen  0.52/turn              (no ring)
MPRegen  0.11/turn              (no ring)

@: no status effects
A: fangs 2, regeneration 1, magic shield, antimagic bite, no potion heal 3, rot
immunity
a: no special abilities


You were on level 4 of the Dungeon.
You were not hungry.

You visited 1 branch of the dungeon, and saw 4 of its levels.

You collected 154 gold pieces.

Inventory:

Hand Weapons
 a - a +0 short sword
 b - a +3 dagger (weapon)
 n - a +0 flail of crushing
Missiles
 l - a throwing net (quivered)
Armour
 j - a +0 scale mail (worn)
Jewellery
 g - an uncursed ring of protection from fire {unknown}
Wands
 c - a wand of flame (41)
 d - a wand of enslavement (10)
 e - a wand of random effects (13)
Scrolls
 o - a scroll of identify
Potions
 h - a potion of agility {unknown}
 i - a potion of resistance
 k - a potion of haste {unknown}
 m - a potion of ambrosia {unknown}
 p - a potion of flight {unknown}
Comestibles
 f - 6 rations


   Skills:
 + Level 5.6 Fighting
 - Level 0.8 Short Blades
 - Level 1.5 Dodging
 - Level 1.2 Stealth
 - Level 2.6 Evocations


You had 5 spell levels left.
You didn't know any spells.

Dungeon Overview and Level Annotations

Branches:
Dungeon (4/15)
 Temple: D:4-7

Altars:
Ru
Sif Muna
Trog
Xom


Innate Abilities, Weirdness & Mutations

You have extremely sharp teeth.
Your natural rate of healing is unusually fast.
When hurt, damage is shared between your health and your magic reserves.
Your bite disrupts and absorbs the magic of your enemies.
Potions cannot restore your health.
You are immune to rotting.


Message History

The orc wizard closely misses you. The orc wizard hits you with a dagger.
You hit the orc wizard but do no damage.
The orc wizard is almost dead.
The orc wizard hits you but does no damage.
You barely miss the orc wizard. Your bite misses the orc wizard.
The orc wizard is almost dead.
The orc wizard hits you but does no damage.
The orc wizard gestures at you while chanting.
The magic dart hits you!
You miss the orc wizard. Your bite misses the orc wizard.
The orc wizard is almost dead.
The orc wizard hits you but does no damage.
Your scale mail prevents you from hitting the orc wizard.
The orc wizard is almost dead.
The orc wizard gestures at you while chanting.
The puff of frost hits you!
* * * LOW HITPOINT WARNING * * *
The orc wizard gestures at you while chanting.
The puff of frost hits you!
You die...

.....#
...#.#
#..#.##
#..... #
#.##.#
#.##.##.#
#.......##
#.@)...#
#.o###.#
#..# #.#
#..# #.#
#..# ...
.... #.#
.#... #.#
..... ..#


You could see an orc wizard.

Vanquished Creatures
  An ogre (D:4)
  An orc priest (D:4)
  3 orc wizards (D:3)
  6 adders
  An ooze (D:3)
  3 worms
  A dart slug (D:1)
  2 leopard geckos (D:1)
  6 orcs
  6 bats
  3 giant cockroaches
  4 hobgoblins
  3 jackals (D:3)
  3 kobolds
  A quokka (D:3)
  4 frilled lizards
  6 goblins
  7 rats
61 creatures vanquished.

Vanquished Creatures (collateral kills)
  A leopard gecko (D:4)
1 creature vanquished.

Vanquished Creatures (others)
  A giant cockroach (D:4)
1 creature vanquished.

Grand Total: 63 creatures vanquished

Notes
Turn   | Place    | Note
-------+----------+-------------------------------------------
     0 | D:1      | inmateoo the Vine Stalker Artificer began the quest for the Orb.
     0 | D:1      | Reached XP level 1. HP: 9/9 MP: 3/3
    23 | D:1      | Reached skill level 1 in Fighting
   179 | D:1      | Reached XP level 2. HP: 2/15 MP: 1/5
   496 | D:1      | Reached skill level 2 in Fighting
   839 | D:1      | Reached XP level 3. HP: 19/19 MP: 6/6
  1322 | D:2      | Reached skill level 3 in Fighting
  1363 | D:2      | Found a faded altar of an unknown god.
  1737 | D:2      | Found a bloodstained altar of Trog.
  1785 | D:2      | Gained mutation: Your natural rate of healing is unusually fast. [Vine Stalker growth]
  1785 | D:2      | Reached XP level 4. HP: 17/24 MP: 5/7
  2144 | D:3      | Found a sacrificial altar of Ru.
  2165 | D:3      | Reached skill level 4 in Fighting
  2277 | D:3      | Reached XP level 5. HP: 27/29 MP: 8/8
  2526 | D:3      | Found a shimmering altar of Xom.
  2533 | D:3      | Found a shimmering altar of Xom.
  2533 | D:3      | Found a shimmering altar of Xom.
  2535 | D:3      | Found a shimmering altar of Xom.
  2804 | D:3      | Reached skill level 5 in Fighting
  2811 | D:3      | Found a deep blue altar of Sif Muna.
  3069 | D:4      | Noticed an ogre
  3096 | D:4      | Killed an ogre
  3096 | D:4      | Reached XP level 6. HP: 35/35 MP: 9/9
  3230 | D:4      | Killed from afar by an orc wizard

Skill      XL: |  1  2  3  4  5 |
---------------+----------------+-----
Fighting       | 1 2 3 4 5 |  5.6
Short Blades   | |  0.8
Dodging        | |  1.5
Stealth        | |  1.2
Evocations     | |  2.6

Action                   |  1- 3 |  4- 6 || total
-------------------------+-------+-------++-------
Melee: Whip              |   110 |       ||   110
       Bite              |    28 |    61 ||    89
       Dagger            |       |   153 ||   153
Evoke: Wand              |       |     9 ||     9
  Use: Scroll            |     2 |     1 ||     3
 Stab: Sleeping          |     1 |       ||     1
  Eat: Chunk             |     3 |     2 ||     5
       Ration            |       |     1 ||     1
Armor: Leather armour    |    11 |       ||    11
       Scale mail        |    32 |    70 ||   102
Dodge: Dodged            |    61 |    61 ||   122
